 Dungeon Crawl Stone Soup version 0.29.1-2-gbd0b4ee654 (webtiles) character file.

Game seed: 1320716713704374433

156332 Pagrim the Severer (level 17, 0/161 HPs)
             Began as a Minotaur Fighter on Oct 23, 2022.
             Was a High Priest of Qazlal.
             Slain by Asterion
             ... wielding a +2 morningstar of flaming
              (4 damage)
             ... on level 1 of the Spider Nest on Oct 24, 2022.
             The game lasted 03:14:58 (32083 turns).

Pagrim the Severer (Minotaur Fighter)              Turns: 32083, Time: 03:14:58

Health: 0/161      AC: 25    Str: 28    XL:     17   Next: 10%
Magic:  6/23       EV:  8    Int:  5    God:    Qazlal [*****.]
Gold:   718        SH: 19    Dex: 11    Spells: 16/16 levels left

rFire   + . .      SeeInvis .   e - +1 war axe (vamp)
rCold   + . .      Faith    .   c - +0 buckler
rNeg    + . .      Spirit   .   S - +1 plate armour {rN+}
rPois   +          Reflect  +   (helmet restricted)
rElec   .          Harm     .   w - scarf {rC+ rF+}
rCorr   .          Rampage  .   j - +0 pair of gloves
Will    ++...                   Y - +2 pair of boots
Stlth   ..........              i - amulet of reflection
HPRegen 0.36/turn               y - ring of willpower
MPRegen 0.18/turn               O - ring of poison resistance

@: mighty, about to teleport, protected from physical damage, slowed, repel
missiles, very slow
A: horns 2, retaliatory headbutt
a: Renounce Religion, Upheaval, Elemental Force, Disaster Area


You were on level 1 of the Spider Nest.
You worshipped Qazlal.
Qazlal was extremely pleased with you.
You visited 5 branches of the dungeon, and saw 24 of its levels.
You also visited: Sewer and Ossuary.

You collected 2347 gold pieces.
You spent 1629 gold pieces at shops.

Inventory:

Hand Weapons
 e - a +1 vampiric war axe (weapon)
 V - a +1 vorpal morningstar
Missiles
 b - 44 poisoned darts (quivered)
 G - 14 curare-tipped darts
Armour
 c - a +0 buckler (worn)
 j - a +0 pair of gloves (worn)
 w - a scarf of resistance (worn)
 S - a +1 plate armour of positive energy (worn)
 Y - a +2 pair of boots (worn)
Jewellery
 i - an amulet of reflection (around neck)
 n - an amulet of faith
 y - a ring of willpower (left hand)
 H - a +4 ring of slaying
 L - a ring of resist corrosion
 M - a ring of protection from cold
 O - a ring of poison resistance (right hand)
 U - a ring of flight
Wands
 B - a wand of charming (13)
 F - a wand of acid (26)
 K - a wand of flame (98)
 N - a wand of polymorph (7)
 R - a wand of roots (5)
 W - a wand of mindburst (6)
Scrolls
 f - 4 scrolls of teleportation
 g - a scroll of silence
 l - 3 scrolls of enchant armour
 o - 2 scrolls of blinking
 p - 5 scrolls of enchant weapon
 q - 2 scrolls of immolation
 r - 6 scrolls of fog
 x - 3 scrolls of poison
 C - 6 scrolls of fear
 D - a scroll of acquirement {unknown}
 E - a scroll of summoning {unknown}
Potions
 d - 3 potions of might
 h - 12 potions of curing
 k - 3 potions of attraction
 m - 2 potions of resistance
 s - a potion of cancellation
 t - 5 potions of heal wounds
 u - 4 potions of magic
 v - 8 potions of mutation
 z - 2 potions of berserk rage
 A - a potion of invisibility
 I - 3 potions of brilliance
 J - 3 potions of lignification
 Q - 9 potions of ambrosia
 T - a potion of haste
 Z - a potion of flight
Miscellaneous
 a - a lightning rod (4/4)
 P - a box of beasts
 X - a phantom mirror


   Skills:
 * Level 17.0 Fighting
 + Level 18.4(18.7) Axes
 + Level 5.1(13.1) Maces & Flails
 + Level 14.5 Armour
 + Level 14.5 Shields
 + Level 10.5 Invocations
 + Level 9.7 Evocations


You had 16 spell levels left.
You didn't know any spells.
Your spell library contained the following spells:

 Spells                   Type           Power      Damage    Failure   Level
 Apportation              Tloc           0%         N/A       98%         1
 Necrotise                Necr           0%         1d4       98%         1
 Summon Small Mammal      Summ           0%         N/A       98%         1
 Ensorcelled Hibernation  Hex/Ice        0%         N/A       99%         2
 Passwall                 Tmut/Erth      0%         N/A       99%         2
 Poisonous Vapours        Pois/Air       0%         N/A       99%         2
 Call Canine Familiar     Summ           0%         N/A       100%        3
 Portal Projectile        Hex/Tloc       0%         N/A       100%        3
 Summon Guardian Golem    Hex/Summ       0%         N/A       100%        3
 Swiftness                Air            0%         N/A       100%        3
 Airstrike                Air            0%         2d(0-16)  100%        4
 Anguish                  Hex/Necr       0%         N/A       100%        4
 Corpse Rot               Necr/Pois/Air  0%         N/A       100%        4
 Fulminant Prism          Conj/Hex       0%         3d6       100%        4
 Iskenderun's Mystic Bla  Conj/Tloc      0%         2d3       100%        4
 Leda's Liquefaction      Hex/Erth       0%         N/A       100%        4
 Passage of Golubria      Tloc           0%         N/A       100%        4
 Summon Lightning Spire   Summ/Air       0%         N/A       100%        4
 Lee's Rapid Deconstruct  Erth           0%         3d5*      100%        5
 Lightning Bolt           Conj/Air       0%         1d11      100%        5
 Silence                  Hex/Air        0%         N/A       100%        5
 Death Channel            Necr           0%         N/A       100%        6
 Enfeeble                 Hex            0%         N/A       100%        7
 Storm Form               Tmut/Air       0%         N/A       100%        7
 Lehudib's Crystal Spear  Conj/Erth      0%         10d2      100%        8
 Maxwell's Capacitive Co  Air            0%         ∞         100%        8


Dungeon Overview and Level Annotations

Branches:
Dungeon (15/15)            Temple (1/1) D:7            Lair (5/5) D:8
 Shoals (0/4) Lair:2       Spider (1/4) Lair:2        Slime (0/5) Lair:5
    Orc (2/2) D:10            Elf (0/3) Orc:2        Vaults (0/5) D:14
 Depths (0/4) D:15          Sewer (visited)         Ossuary (visited)

Altars:
Ashenzari
Cheibriados
Dithmenos
Elyvilon
Fedhas
Gozag
Hepliaklqana
Kikubaaqudgha
Makhleb
Nemelex Xobeh
Okawaru
Qazlal
Ru
Sif Muna
Trog
Uskayaw
Vehumet
Wu Jian
Xom
Yredelemnul
Zin
The Shining One
Jiyva

Shops:
D:5 *   D:7 [   D:10 *   D:15 (!:   Orc:2 [[*!

Annotations:
D:11 exclusion: upstairs
Spider:1 Asterion


Innate Abilities, Weirdness & Mutations

You have a pair of horns on your head.
You reflexively headbutt those who attack you in melee.


Message History

The demonic crawler is moderately wounded.
You hit Asterion.
Asterion hits you with a +2 morningstar of flaming!!
* * * LOW HITPOINT WARNING * * *
You feel more protected from physical attacks.
Asterion burns you.
* * * LOW HITPOINT WARNING * * *
Asterion gores you but does no damage.
You block the demonic crawler's attack. x2
The demonic crawler barely misses you. Asterion blocks your attack.
Asterion is heavily wounded.
You hit the demonic crawler but do no damage.
Asterion hits you with a +2 morningstar of flaming.
* * * LOW HITPOINT WARNING * * *
You block Asterion's attack. The demonic crawler closely misses you.
The demonic crawler hits you but does no damage.
You block the demonic crawler's attack.
An orb spider comes into view.
A redback comes into view.
Asterion hits you with a +2 morningstar of flaming.
* * * LOW HITPOINT WARNING * * *
Asterion burns you.
* * * LOW HITPOINT WARNING * * *
Asterion gores you.
* * * LOW HITPOINT WARNING * * *
The demonic crawler hits you.
* * * LOW HITPOINT WARNING * * *
You feel more protected from physical attacks.
The demonic crawler completely misses you.
You block the demonic crawler's attack.
Okay, then.
As you read the scroll of teleportation, it crumbles to dust.
You feel strangely unstable. Asterion barely misses you.
You furiously retaliate!
You headbutt Asterion. Asterion gores you!
* * * LOW HITPOINT WARNING * * *
The orb spider spins a strand of pure energy.
You block the demonic crawler's attack. x3
Asterion hits you with a +2 morningstar of flaming!
* * * LOW HITPOINT WARNING * * *
Asterion burns you.
You die...

.[..#...#......#.##
...#.#....##.#....#
.#..#..#....#.†^###
#####^#^..##..#.^#
#....#..#...##
#...#^....#).##
#..#.....##.†^# #
##....##.†.##†#..#
##......)†s@○°?.#
..s#....†swH#☼...#
.##...§##..###
#..##....# .....
#s.# y.####.. ..#.
... .....##. ##
#.##.^ . .#


You could see Asterion (fast), a torpor snail, a demonic crawler, an orb spider
(charged) and a redback.

Vanquished Creatures
  Rupert (Lair:4)
  Jorgrun (Spider:1)
  Frances (Spider:1)
  Kirke (Lair:2)
  Azrael (D:15)
  A dire elephant (Lair:5)
  Nessos (D:15)
  A spark wasp (Lair:2)
  An entropy weaver (Lair:2)
  Josephine (Spider:1)
  3 boulder beetles
  5 vault guards (D:14)
  Fannar (D:10)
  2 ogre magi
  5 hydras
  A catoblepas (Lair:5)
  6 centaur warriors
  7 two-headed ogres
  8 death yaks
  An orc high priest (Orc:1)
  4 tengu warriors
  A deep troll shaman (Lair:5)
  2 soul eaters (D:12)
  A sun demon (D:12)
  A sixfirhy (D:12)
  A fire crab (shapeshifter) (D:13)
  Sonja (Lair:1)
  Nergalle (D:11)
  2 orb spiders (Spider:1)
  3 wizards
  2 deep elf pyromancers (D:14)
  A necromancer (D:15)
  A deep elf archer (D:14)
  A wolf spider zombie (D:15)
  3 manticores
  2 orc knights (Orc:2)
  2 wolf spiders
  5 cyclopes
  18 ugly things
  4 orc sorcerers
  A moth of wrath (Spider:1)
  A rust devil (D:12)
  18 elephants
  2 black mambas
  An orange demon (D:13)
  A torpor snail (Lair:4)
  2 naga magi (D:15)
  An unseen horror (D:10)
  15 cane toads
  2 gargoyles
  A smoke demon (D:13)
  4 rime drakes
  2 yaktaurs (D:15)
  Psyche (D:12)
  Maggie (Lair:1)
  6 komodo dragons
  2 kobold demonologists (D:12)
  A queen bee (shapeshifter) (D:14)
  A red devil (D:13)
  An ice devil (D:12)
  6 meliai
  A queen bee (D:12)
  6 polar bears
  3 trolls
  8 tarantellas
  12 dream sheep
  11 blink frogs
  6 hornets (Spider:1)
  A harpy skeleton (D:15)
  2 meliai zombies (D:15)
  6 jumping spiders
  A vampire (D:11)
  2 centaur simulacra (D:15)
  7 culicivoras
  10 shadows
  6 wraiths
  4 water elementals (D:15)
  55 yaks
  A hog (Lair:2)
  3 wyverns
  2 fire elementals (D:15)
  Eustachio (D:6)
  A neqoxec (D:13)
  6 basilisks
  17 redbacks
  2 chaos spawn (D:12)
  2 steam dragons
  9 vampire mosquitoes
  2 wargs (D:10)
  2 acid dragons
  14 water moccasins
  2 floating eyes (shapeshifter) (D:15)
  2 black bears
  40 orc warriors
  5 hell hounds (D:15)
  2 sky beasts (D:7)
  5 ice beasts
  5 ogres
  20 wolves
  5 boggarts (D:15)
  22 centaurs
  2 phantoms (D:6)
  3 elf zombies (Ossuary)
  9 kobold brigands
  2 necrophages
  15 bullfrogs
  A gnoll sergeant (D:9)
  3 scorpions
  4 wights (D:10)
  14 killer bees
  6 electric eels
  A howler monkey (D:9)
  A crimson imp (D:7)
  21 orc priests
  11 centaur zombies
  A human zombie (Ossuary)
  2 jellies
  3 gnoll boudas
  6 hounds
  Terence (D:3)
  An iguana (D:5)
  A boggart zombie (D:11)
  3 hell rats (Lair:4)
  22 orc wizards
  A hound zombie (Ossuary)
  A boggart simulacrum (D:15)
  3 mummies (Ossuary)
  12 adders
  16 gnolls
  11 river rats
  4 white imps
  4 ufetubi (D:15)
  4 adder zombies (Ossuary)
  A worm (D:4)
  A dart slug (D:3)
  66 orcs
  5 endoplasms
  5 giant cockroaches
  12 goblins
  6 hobgoblins
  3 jackals (D:1)
  15 kobolds
  A quokka (D:2)
  10 ball pythons
  8 bats
  10 frilled lizards
  A gnoll zombie (Ossuary)
  4 goblin zombies (Ossuary)
  A hobgoblin zombie (Ossuary)
  A jackal zombie (Ossuary)
  7 kobold zombies (Ossuary)
  An orc zombie (Ossuary)
  2 quokka zombies (Ossuary)
  18 rats
  5 rat zombies (Ossuary)
  A spectral kobold (D:13)
859 creatures vanquished.

Vanquished Creatures (others)
  A basilisk (D:15)
  A human (Spider:1)
  An orc warrior (D:14)
  A centaur (D:14)
  An orc priest (Orc:1)
  A white imp (D:15)
  An orc (D:10)
  2 demonic plants (D:13)
  18 fungi
  36 plants
  4 withered plants (D:11)
67 creatures vanquished.

Grand Total: 926 creatures vanquished

Notes
Turn   | Place    | Note
-------+----------+-------------------------------------------
     0 | D:1      | Pagrim the Minotaur Fighter began the quest for the Orb.
     0 | D:1      | Reached XP level 1. HP: 19/19 MP: 0/0
   156 | D:1      | Reached XP level 2. HP: 27/27 MP: 1/1
   156 | D:1      | Found a faded altar of an unknown god.
   957 | D:2      | Reached skill level 3 in Axes
   957 | D:2      | Reached XP level 3. HP: 33/33 MP: 2/2
  1390 | D:2      | Reached skill level 9 in Axes
  1390 | D:2      | Reached XP level 4. HP: 51/51 MP: 3/3
  1762 | D:3      | Noticed Terence
  1774 | D:3      | Killed Terence
  1775 | D:3      | Reached XP level 5. HP: 50/58 MP: 4/4
  2144 | D:4      | Noticed a yak
  2144 | D:4      | Noticed a yak
  2249 | D:4      | Reached skill level 10 in Fighting
  2249 | D:4      | Reached XP level 6. HP: 66/66 MP: 5/5
  2288 | D:4      | Found a sand-covered staircase.
  2290 | D:4      | Noticed a yak
  2297 | Ossuary  | Entered an ossuary
  2760 | Ossuary  | Reached XP level 7. HP: 72/72 MP: 6/6
  2793 | Ossuary  | Reached skill level 5 in Shields
  2804 | Ossuary  | Reached skill level 5 in Armour
  3329 | D:5      | Entered Level 5 of the Dungeon
  3362 | D:5      | Reached skill level 10 in Axes
  3575 | D:5      | Found a glowing drain.
  3605 | Sewer    | Entered a sewer
  3610 | Sewer    | Reached XP level 8. HP: 80/80 MP: 7/7
  4176 | D:5      | Found Unofefax's Serpentskin Sales.
  4747 | D:6      | Noticed Eustachio
  4765 | D:6      | Killed Eustachio
  5213 | D:6      | Reached XP level 9. HP: 88/89 MP: 8/8
  5242 | D:6      | Found a shimmering altar of Xom.
  5462 | D:7      | Found Doituicao's Armour Shop.
  5917 | D:7      | Found an ornate altar of the Wu Jian Council.
  5942 | D:7      | Found a staircase to the Ecumenical Temple.
  5950 | Temple   | Entered the Ecumenical Temple
  6255 | D:7      | Reached skill level 11 in Axes
  6525 | D:7      | Found a bloodstained altar of Trog.
  7170 | D:8      | Noticed an elephant
  7341 | D:8      | Found a stormy altar of Qazlal.
  7369 | D:8      | Found a blossoming altar of Fedhas.
  7379 | D:8      | Became a worshipper of Qazlal Stormbringer
  7666 | D:7      | Reached XP level 10. HP: 55/97 MP: 9/9
  7670 | D:7      | Reached skill level 1 in Invocations
  7674 | D:7      | Reached skill level 1 in Evocations
  8092 | D:8      | Found a staircase to the Lair.
  8105 | D:8      | Killed an elephant
  8258 | D:8      | Reached skill level 12 in Axes
  8526 | D:9      | Noticed a manticore
  8548 | D:9      | Killed a manticore
  8893 | D:9      | Found a hide-covered altar of Uskayaw.
  9599 | D:9      | Reached * piety under Qazlal
  9770 | D:9      | Found a sacrificial altar of Ru.
  9918 | D:10     | Entered Level 10 of the Dungeon
  9936 | D:9      | Reached XP level 11. HP: 104/104 MP: 12/12
 10307 | D:10     | Identified the +4 dagger of the Pits of Slime {venom, *Rage
                  | rF+ Dex+8}
 10516 | D:10     | Found a staircase to the Orcish Mines.
 11288 | D:10     | Noticed Fannar
 11318 | D:10     | Killed Fannar
 11681 | D:10     | Found Zin's Purification Station.
 11684 | D:10     | Found a glowing silver altar of Zin.
 11749 | D:10     | Reached ** piety under Qazlal
 11852 | D:10     | Reached skill level 13 in Axes
 13051 | D:11     | Noticed Nergalle
 13063 | D:11     | Killed Nergalle
 13088 | D:11     | Noticed a boulder beetle
 13114 | D:11     | Killed a boulder beetle
 13583 | D:11     | Noticed a five-headed hydra
 13917 | D:11     | Reached XP level 12. HP: 95/115 MP: 14/14
 14044 | D:11     | Reached skill level 14 in Axes
 14311 | D:11     | Reached skill level 5 in Invocations
 14491 | D:11     | Reached skill level 10 in Armour
 14491 | D:11     | Reached skill level 10 in Shields
 14697 | D:5      | Bought a ring of poison resistance for 220 gold pieces
 14772 | Lair:1   | Entered Level 1 of the Lair of Beasts
 14924 | Lair:1   | Noticed Maggie
 14932 | Lair:1   | Killed Maggie
 15380 | Lair:1   | Reached skill level 5 in Evocations
 15740 | Lair:1   | You fall into a shaft and drop 1 floor!
 16186 | Lair:2   | Reached *** piety under Qazlal
 16288 | Lair:2   | Reached skill level 15 in Axes
 16347 | Lair:1   | Noticed Sonja
 16761 | Lair:2   | Found a staircase to the Shoals.
 16924 | Lair:2   | Identified the +6 dagger of Nuhefrar {freeze, *Slow Str+7}
 16927 | Lair:2   | Found a hole to the Spider Nest.
 17542 | Lair:3   | Reached XP level 13. HP: 121/123 MP: 16/16
 18772 | Lair:4   | Noticed Rupert
 18976 | Lair:1   | Killed Sonja
 19545 | Lair:4   | Reached **** piety under Qazlal
 19777 | Lair:4   | Killed Rupert
 19778 | Lair:4   | Reached skill level 16 in Axes
 20121 | Lair:4   | Got Xopnilewn's Handbook of the Dead
 20518 | Lair:5   | Entered Level 5 of the Lair of Beasts
 21349 | Lair:5   | Found a staircase to the Slime Pits.
 21349 | Lair:5   | Found a viscous altar of Jiyva.
 21561 | Lair:4   | Reached XP level 14. HP: 82/133 MP: 18/18
 22438 | Lair:5   | Reached skill level 17 in Axes
 22567 | Lair:5   | Identified the +6 quarterstaff "Orb Guardian's Foe"
                  | {vorpal, +Blink rN+}
 22617 | Lair:5   | Reached ***** piety under Qazlal
 22942 | Orc:1    | Entered Level 1 of the Orcish Mines
 23285 | Orc:2    | Entered Level 2 of the Orcish Mines
 23802 | Orc:2    | Found a staircase to the Elven Halls.
 23946 | Orc:2    | Found Rarha's Assorted Antiques.
 23946 | Orc:2    | Found Umeppusch's Antique Armour Boutique.
 23948 | Orc:2    | Found Tamifau's Antique Armour Shop.
 23950 | Orc:2    | Found Qotwesh's Distillery.
 23961 | Orc:2    | Bought a pair of glowing boots for 210 gold pieces
 23968 | Orc:2    | Bought a runed plate armour for 650 gold pieces
 23975 | Orc:2    | Bought a scroll of identify for 54 gold pieces
 23975 | Orc:2    | Bought a dented zirconium amulet for 135 gold pieces
 23975 | Orc:2    | Bought a glowing steel ring for 135 gold pieces
 23977 | Orc:2    | Reached skill level 15 in Fighting
 23978 | Orc:2    | Reached XP level 15. HP: 141/141 MP: 20/20
 24108 | Orc:2    | Found a shimmering blue altar of Sif Muna.
 24499 | Orc:2    | Bought a scroll of teleportation for 81 gold pieces
 25070 | D:12     | Noticed Psyche
 25075 | D:12     | Killed Psyche
 26149 | D:12     | Identified the +9 halberd of Intimidation {flame, rC+ Will-
                  | Int+3}
 26440 | D:12     | Reached skill level 18 in Axes
 27856 | D:13     | Reached XP level 16. HP: 149/149 MP: 21/21
 28108 | D:13     | Found a hazy altar of Hepliaklqana.
 28916 | D:14     | Found a gate to the Vaults.
 29065 | D:14     | Reached skill level 1 in Maces & Flails
 29155 | D:14     | Reached ****** piety under Qazlal
 29675 | D:15     | Entered Level 15 of the Dungeon
 29689 | D:15     | Noticed Nessos
 29703 | D:15     | Killed Nessos
 29763 | D:15     | Found Vevan's Book Emporium.
 29844 | D:15     | Reached skill level 10 in Invocations
 29932 | D:15     | Noticed Azrael
 29938 | D:15     | Paralysed by a floating eye for 3 turns
 29961 | D:15     | Killed Azrael
 30418 | D:15     | Found a staircase to the Depths.
 30492 | D:15     | Paralysed by a floating eye for 4 turns
 30595 | D:15     | Found Witifriv's Weapon Boutique.
 30642 | D:15     | Found a snail-covered altar of Cheibriados.
 30709 | D:15     | Found Fyqax's Distillery.
 30715 | D:15     | Bought a potion of heal wounds for 90 gold pieces
 30715 | D:15     | Bought a potion of curing for 54 gold pieces
 31430 | Spider:1 | Entered Level 1 of the Spider Nest
 31430 | Spider:1 | Noticed Frances
 31435 | Spider:1 | Killed Frances
 31522 | Spider:1 | Noticed Kirke
 31776 | Lair:2   | Killed Kirke
 31916 | Spider:1 | Noticed Josephine
 31926 | Spider:1 | Killed Josephine
 31946 | Spider:1 | Reached XP level 17. HP: 149/160 MP: 23/23
 32057 | Spider:1 | Noticed Jorgrun
 32059 | Spider:1 | Reached skill level 5 in Maces & Flails
 32061 | Spider:1 | Killed Jorgrun
 32061 | Spider:1 | Noticed Asterion
 32083 | Spider:1 | HP: 4/161 [Asterion/+2 morningstar of flaming (16)]
 32083 | Spider:1 | Slain by Asterion

Illustrated notes

Levels and vault maps discovered:
D:1:      dpeg_arrival_rooms_a, layout_loops_ring, ebering_ecumenical_altar_mist
D:2:      layout_basic
D:3:      layout_loops_ring, minivault_19, st_stairs_9,
          hangedman_abyss_or_decor_lesser_grid, uniq_terence
D:4:      layout_cave_pools, nicolae_ossuary_entry_monument
D:5:      layout_loops_cross, portal_sewer_entry_c, guppyfry_shop_venom
D:6:      layout_loops_corners, kennysheep_mini_moat,
          kennysheep_generic_room_12, uniq_eustachio
D:7:      nicolae_cairo_tiling_large, layout_rooms,
          mainiacjoe_overflow_24_doors, nicolae_overflow_hidden_temple,
          minmay_temple_entry_glassed_door, serial_shops, shop,
          minmay_fire_ice_demons
D:8:      layout_cave_pools, grunt_temple_overflow_forces_of_nature,
          david_lair_generic, eino_tiny_chamber
D:9:      layout_roguey, overflow_temple_1_default, nicolae_ru_awakened_eye
D:10:     layout_basic, zin_purify, erik_orc_4, uniq_fannar
D:11:     layout_basic, serial_undead, serial_undead_a, serial_undead_c,
          serial_undead_c, serial_undead_a, serial_undead_f, serial_undead_e,
          serial_undead_f, serial_undead_e, serial_undead_c, serial_undead_f,
          nrook_mini_vaults, uniq_nergalle
D:12:     layout_cave_pods, special_room [special_room_bee], hangedman_ranch,
          uniq_psyche
D:13:     layout_rooms, serial_demonic, serial_demonic_b, serial_demonic_f,
          serial_demonic_c, serial_demonic_a, chequers_jeans, hex_large,
          nicolae_hepliaklqana_monster_ancestors
D:14:     layout_long_grid, grunt_vaults_entry_fortified, kennysheep_boxes,
          serial_rivers, chequers_serial_rivers_small_3,
          chequers_serial_rivers_small_a, chequers_serial_rivers_small_3,
          chequers_serial_rivers_micro_d, minmay_misc_feat_room,
          nicolae_elevator_lobby_asterisk
D:15:     grunt_enter_depths_magical_seal, layout_basic, serial_ice,
          serial_ice_o, serial_ice_l, serial_ice_b, serial_ice_f, serial_ice_n,
          serial_ice_m, serial_ice_g, serial_ice_h, serial_ice_a, serial_ice_e,
          serial_shops, shop, shop, nicolae_shop_hallway_stairs,
          cheibriados_altar_1, chequers_avenue, uniq_nessos, uniq_azrael
Temple:   eino_temple_water
Lair:1:   layout_gridlike, grunt_megastairs_2, uniq_sonja, uniq_maggie
Lair:2:   layout_cave_pods, elwin_shoals_entry_rocks, spider_nest_entry_rubble,
          beast_lair_carwin_6, grunt_megastairs_4
Lair:3:   layout_cave_pods, lemuel_old_faithful, serial_bayou_shore_a
Lair:4:   layout_gridlike, kennysheep_abandoned_house,
          infiniplex_staircase_pool, uniq_rupert
Lair:5:   grunt_lair_end_beastmaster, layout_misc_corridors, slime_entry_1
Spider:1: layout_spider_delve, lemuel_hornet_nest, uniq_jorgrun, uniq_frances,
          uniq_asterion, uniq_kirke, uniq_josephine
Orc:1:    layout_diamond_mine, basic_altar
Orc:2:    st_orc_rangers, layout_diamond_mine, kennysheep_orc_sif_temple

Skill      XL: |  1  2  3  4  5  6  7  8  9 10 11 12 13 14 15 16 17 |
---------------+----------------------------------------------------+-----
Armour         | 4 5 6 7 8 9 10 11 12 13 14 | 14.5
Fighting       | 4 9 10 11 12 13 14 15 16 17 | 17.0
Shields        | 4 5 6 7 8 9 10 11 12 13 14 | 14.5
Axes           | 3 9 10 11 12 13 15 16 17 18 | 18.4
Invocations    | 2 4 6 7 8 9 10 | 10.5
Evocations     | 2 4 5 6 7 8 9 |  9.7
Maces & Flails | 4 5 |  5.1

Action                   |  1- 3 |  4- 6 |  7- 9 | 10-12 | 13-15 | 16-18 || total
-------------------------+-------+-------+-------+-------+-------+-------++-------
Melee: War axe           |    67 |   140 |   382 |   707 |   931 |   633 ||  2860
       Headbutt          |     6 |    26 |    67 |   196 |   233 |   176 ||   704
       Morningstar       |       |       |       |       |    18 |    11 ||    29
Throw: Dart              |       |       |       |       |     7 |       ||     7
Invok: Upheaval          |       |       |       |       |    10 |    15 ||    25
  Use: Scroll            |     3 |     3 |     8 |     3 |     9 |     3 ||    29
       Potion            |     1 |       |       |       |     1 |     1 ||     3
 Stab: Petrified         |       |       |       |       |    12 |       ||    12
       Petrifying        |       |       |       |       |     3 |       ||     3
       Held in net/web   |       |       |       |       |       |     2 ||     2
Armor: Scale mail        |    36 |     3 |       |       |       |       ||    39
       Plate armour      |       |    53 |   175 |   339 |   275 |   298 ||  1140
Dodge: Dodged            |    28 |    17 |    70 |   121 |   150 |   124 ||   510
       Repelled          |       |       |       |       |       |     2 ||     2
Block: Buckler           |    26 |    57 |   177 |   334 |   691 |   623 ||  1908
       Reflection        |       |     1 |     4 |     8 |    56 |    20 ||    89
